 Dungeon Crawl Stone Soup version 0.30.0-10-gfe55d96785 (webtiles) character file.

Game seed: 8827546100846378408

91 Jase the Chopper (level 4, -6/39 HPs)
             Began as a Hill Orc Fighter on May 14, 2023.
             Mangled by a gnoll
             ... wielding a +0 halberd
              (12 damage)
             ... on level 3 of the Dungeon.
             The game lasted 00:02:48 (1531 turns).

Jase the Chopper (Hill Orc Fighter)                 Turns: 1531, Time: 00:02:49

Health: -6/39      AC:  8    Str: 20    XL:     4   Next: 59%
Magic:  4/4        EV:  9    Int:  8    God:
Gold:   158        SH:  4    Dex: 10    Spells: 3/3 levels left

rFire   + . .        a - +0 war axe
rCold   . . .        c - +0 buckler
rNeg    . . .        b - +0 scale mail
rPois   .            i - +0 helmet
rElec   .            (no cloak)
rCorr   .            (no gloves)
SInv    .            (no boots)
Will    .....        t - amulet of regeneration Stlth
                     q - ring of protection from fire
HPRegen 1.06/turn    (no ring)
MPRegen 0.09/turn

%: no passive effects
@: mighty
A: no striking features
a: no special abilities


You were on level 3 of the Dungeon.
You visited 1 branch of the dungeon, and saw 3 of its levels.

You collected 158 gold pieces.

Inventory:

Hand Weapons
 a - a +0 war axe (weapon)
Armour
 b - a +0 scale mail (worn)
 c - a +0 buckler (worn)
 i - a +0 helmet (worn)
Jewellery
 q - a ring of protection from fire (left hand)
 t - an amulet of regeneration (around neck)
Scrolls
 g - 2 scrolls of fear {unknown}
 h - 2 scrolls of identify {unknown}
 j - 3 scrolls of enchant weapon {unknown}
 n - a scroll of vulnerability {unknown}
 p - a scroll of fog {unknown}
 s - a scroll of brand weapon {unknown}
 u - 2 scrolls of amnesia {unknown}
Potions
 e - 2 potions of brilliance {unknown}
 f - a potion of lignification {unknown}
 k - a potion of curing {unknown}
 l - a potion of magic {unknown}
 m - a potion of degeneration {unknown}
 o - a potion of flight {unknown}
 r - a potion of experience {unknown}
 v - a potion of resistance {unknown}


   Skills:
 - Level 3.6 Fighting
 * Level 6.2 Axes
 - Level 3.2 Armour
 - Level 3.2 Shields


You had 3 spell levels left.
You didn't know any spells.
Your spell library contained the following spells:

 Spells                   Type           Power      Damage    Failure   Level
 Beastly Appendage        Tmut           0%         N/A       83%         1
 Wereblood                Tmut           0%         N/A       93%         2
 Hailstorm                Conj/Ice       0%         3d3       99%         3
 Spider Form              Tmut/Pois      0%         N/A       99%         3
 Ice Form                 Ice/Tmut       0%         N/A       100%        4
 Simulacrum               Ice/Necr       0%         N/A       100%        6


Dungeon Overview and Level Annotations

Branches:
Dungeon (3/15)

Altars:


Message History

You slash the gnoll!
You kill the gnoll!
No target in view!
No target in view!
You start resting.
HP restored.
You see here a +0 spear.
Things that are here:
a +0 whip; a +0 hand axe; a gnoll corpse The gnoll shouts!
The gnoll shouts!
Found a hand axe.
There are monsters nearby!
You see here a +0 spear.
You feel very mighty all of a sudden.
The gnoll sergeant hits you from afar with a +0 spear of freezing!
The gnoll sergeant freezes you.
The gnoll sergeant hits you with a +0 spear of freezing!
The gnoll sergeant freezes you.
You closely miss the gnoll sergeant.
The gnoll sergeant hits you with a +0 spear of freezing.
The gnoll sergeant freezes you.
The gnoll sergeant hits you but does no damage.
The gnoll barely misses you.
You barely miss the gnoll sergeant.
The gnoll hits you from afar with a +0 halberd.
The gnoll sergeant hits you but does no damage.
The gnoll sergeant blocks your attack.
The gnoll hits you from afar with a +0 halberd.
The gnoll sergeant hits you with a +0 spear of freezing.
* * * LOW HITPOINT WARNING * * *
The gnoll sergeant freezes you.
* * * LOW HITPOINT WARNING * * *
You barely miss the gnoll sergeant.
The gnoll hits you from afar with a +0 halberd.
* * * LOW HITPOINT WARNING * * *
The gnoll sergeant completely misses you.
You closely miss the gnoll sergeant.
The gnoll hits you from afar with a +0 halberd!
You die...

#........# #....# #.#
####....#.#### ####.# #.#
.###....#....######## ###
#............'.....# ♣♣♣♣♣
..######.....####### ♣♣)...
..# .........# ♣♣♣..# ### ..#
.........# ♣♣♣....#...#
........#....###♣♣g..♣..#...#
#.......#....#..@gg.....'..).#
#....[..+....'.#♣♣)...♣.#...##
#.#.>.. #....### ♣♣♣.)..#...#
.#.... #....# ♣♣♣..#####
#....# ♣...)♣ ...#### ♣♣♣♣♣
####


You could see a gnoll sergeant and 2 gnolls.

Vanquished Creatures
  3 gnolls (D:3)
  A worm (D:2)
  A dart slug (D:2)
  4 ball pythons (D:2)
  4 bats
  5 endoplasms
  4 giant cockroaches
  4 goblins
  7 hobgoblins
  3 jackals (D:2)
  6 kobolds
  4 quokkas
  A frilled lizard (D:3)
  A rat (D:1)
48 creatures vanquished.

Notes
Turn   | Place    | Note
-------+----------+-------------------------------------------
     0 | D:1      | Jase the Hill Orc Fighter began the quest for the Orb.
     0 | D:1      | Reached XP level 1. HP: 19/19 MP: 1/1
    74 | D:1      | Reached skill level 3 in Axes
   169 | D:1      | Reached XP level 2. HP: 24/26 MP: 2/2
   349 | D:1      | Reached skill level 4 in Axes
   797 | D:2      | Reached XP level 3. HP: 31/31 MP: 3/3
   923 | D:2      | Reached skill level 5 in Axes
  1192 | D:2      | Reached XP level 4. HP: 39/39 MP: 4/4
  1495 | D:3      | Reached skill level 6 in Axes
  1514 | D:3      | Noticed a gnoll sergeant
  1515 | D:3      | Found the +5 woodcutter's axe
  1531 | D:3      | Mangled by a gnoll

Illustrated notes

Levels and vault maps discovered:
D:1:      kennysheep_arrival_seaside, layout_loops_ring
D:2:      layout_basic, minmay_randomly_rotated_circles
D:3:      layout_basic, pf_guarded_unrand_woodcutter

Skill      XL: |  1  2  3  4 |
---------------+-------------+-----
Axes           | 3 4 5 6 |  6.2
Fighting       | |  3.6
Armour         | |  3.2
Shields        | |  3.2

Action                     |  1- 3 |  4- 6 || total
---------------------------+-------+-------++-------
  Melee: War axe           |   100 |    23 ||   123
    Use: Potion            |       |     1 ||     1
 Armour: Scale mail        |    52 |     9 ||    61
  Dodge: Dodged            |    34 |    12 ||    46
  Block: Buckler           |    27 |     2 ||    29
